 Dungeon Crawl Stone Soup version 0.26.0-20-g3ca415f5b8 (webtiles) character file.

Game seed: 4181714272723353654

5714 RaHiT the Covert (level 10, -4/61 HPs)
             Began as an Octopode Delver on Jan 24, 2021.
             Was a Priest of Cheibriados.
             Slain by an orc warrior
             ... wielding a +0 mace
              (20 damage)
             ... on level 10 of the Dungeon.
             The game lasted 01:07:04 (9287 turns).

RaHiT the Covert (Octopode Delver)                  Turns: 9287, Time: 01:07:05

Health: -4/61      AC:  3    Str: 16    XL:     10   Next: 76%
Magic:  16/16      EV: 18    Int: 23    God:    Cheibriados [***...]
Gold:   414        SH:  0    Dex: 21    Spells: 15/15 levels left

rFire    . . .     SeeInvis .   v - +10 whip "Emniezimp" {pain, rN+}
rCold    + . .     Faith    .   (no shield)
rNeg     + . .     Spirit   .   s - +2 hat {Will+}
rPois    .         Reflect  .   B - amulet of regeneration
rElec    .         Harm     .   n - ring of protection from cold
rCorr    .         Rampage  .   z - ring of willpower
Will     ++...                  (no ring)
Stlth    +++++.....             (no ring)
HPRegen  0.60/turn              (no ring)
MPRegen  0.15/turn              (no ring)
                                (no ring)
                                (no ring)

@: very slow
A: almost no armour, stealthy swim, amphibious, 8 rings, constrict 8, antennae
1, camouflage 1, frail 1, sense surroundings 1, weak 1, gelatinous body 1
a: Renounce Religion, Bend Time, Temporal Distortion


You were on level 10 of the Dungeon.
You worshipped Cheibriados.
Cheibriados was most pleased with you.
You visited 2 branches of the dungeon, and saw 12 of its levels.

You collected 414 gold pieces.

Inventory:

Hand Weapons
 v - the +10 whip "Emniezimp" (weapon) {pain, rN+}
   (You took it off a big kobold on level 4 of the Dungeon)

   In the hands of one skilled in necromantic magic, it inflicts extra damage on
   living creatures.
   It protects you from negative energy.
 E - a +3 hand crossbow
Missiles
 h - 71 bolts
 i - 154 stones
 j - 31 poisoned darts (quivered)
 y - 102 arrows
 C - 10 boomerangs
Armour
 c - a +0 kite shield
 s - a +2 hat of willpower (worn)
Jewellery
 n - a ring of protection from cold (left tentacle)
 z - a ring of willpower (right tentacle)
 B - an amulet of regeneration (around mantle)
Wands
 e - a wand of digging (2)
 r - a wand of disintegration (11)
Scrolls
 a - a scroll of vulnerability
 b - a scroll of magic mapping
 f - 4 scrolls of remove curse
 g - 6 scrolls of teleportation
 k - 3 scrolls of enchant armour
 m - 2 scrolls of noise
 q - a scroll of immolation
 A - a scroll of amnesia
Potions
 d - 2 potions of haste
 l - 2 potions of heal wounds
 o - 3 potions of ambrosia
 p - a potion of attraction
 t - 4 potions of flight
 u - a potion of lignification
 w - 4 potions of curing
 x - a potion of berserk rage


   Skills:
 - Level 6.0 Fighting
 - Level 6.0 Throwing
 - Level 6.0 Dodging
 - Level 9.0 Stealth
 - Level 5.0 Unarmed Combat
 - Level 3.0 Spellcasting
 - Level 9.0 Invocations
 + Level 6.1 Evocations


You had 15 spell levels left.
You didn't know any spells.
Your spell library contained the following spells:

 Spells                   Type           Power        Failure   Level
 Foxfire                  Conj/Fire      12%          12%         1
 Sting                    Tmut/Pois      12%          12%         1
 Summon Small Mammal      Summ           12%          12%         1
 Call Imp                 Summ           3%           17%         2
 Call Canine Familiar     Summ           3%           34%         3
 Conjure Flame            Conj/Fire      3%           34%         3
 Inner Flame              Hex/Fire       3%           34%         3
 Summon Guardian Golem    Hex/Summ       3%           34%         3
 Sticky Flame             Conj/Fire      3%           75%         4
 Summon Ice Beast         Ice/Summ       3%           75%         4
 Summon Lightning Spire   Summ/Air       3%           75%         4
 Fireball                 Conj/Fire      1%           97%         5
 Summon Demon             Summ           1%           97%         5
 Dragon's Call            Summ           1%           100%        9


Dungeon Overview and Level Annotations

Branches:
Dungeon (11/15)            Temple (1/1) D:7            Lair (0/6) D:8
    Orc (0/2) D:10

Altars:
Ashenzari
Cheibriados
Dithmenos
Elyvilon
Fedhas
Gozag
Hepliaklqana
Kikubaaqudgha
Makhleb
Nemelex Xobeh
Okawaru
Qazlal
Ru
Sif Muna
Trog
Uskayaw
Vehumet
Wu Jian
Xom
Yredelemnul
Zin
The Shining One

Annotations:
D:10 exclusions: hydra and vampire


Innate Abilities, Weirdness & Mutations

You cannot wear most types of armour.
You are very stealthy in the water. (Stealth+)
You are amphibious.
You can wear up to eight rings at the same time.
You can use your tentacles to constrict eight enemies at once.
Your skin changes colour to match your surroundings (Stealth+).
Your rubbery body absorbs attacks. (AC +1, EV +1)
You have a pair of small antennae on your head.
You are frail. (-10% HP)
You passively map a small area around you.
You are weak. (Str -2)


Message History

You hit the orc warrior but do no damage.
You grab the orc warrior. You squeeze the orc warrior!
The orc warrior is moderately wounded.
You constrict the orc warrior, but do no damage.
The orc warrior struggles to escape constriction.
You hit the orc warrior but do no damage.
The orc warrior is moderately wounded.
You constrict the orc warrior, but do no damage.
The orc warrior hits you with a +0 mace!
* * * LOW HITPOINT WARNING * * *
You hit the orc warrior.
You squeeze the orc warrior, but do no damage.
The orc warrior is heavily wounded.
You constrict the orc warrior, but do no damage.
The orc warrior struggles to escape constriction.
You hit the orc warrior.
The orc warrior is severely wounded.
You constrict the orc warrior, but do no damage.
The orc warrior hits you with a +0 mace!!
You die...

* *
,,...8....,##........
, , * #..o..
#..####### #.#.# ##.#
#...# #.# #o### #.#
#o# #.# #o# #.#
#o#########.#######
#)@................
###########.#######
#.##.# #.)))# #)####
#<# ###


You could see an orc warrior and 3 orcs.

Vanquished Creatures
  A two-headed ogre (D:8)
  A deep elf mage (D:10)
  A komodo dragon (D:8)
  A troll (D:9)
  3 water moccasins
  The ghost of Marvel the Gusty, an amateur TeAE (D:4)
  2 orc warriors
  A phantom (D:9)
  5 sky beasts
  An eye of draining (D:10)
  4 ice beasts
  6 ogres
  5 centaurs
  3 big kobolds (D:4)
  A bullfrog (D:8)
  5 scorpions
  A water moccasin skeleton (D:9)
  4 killer bees
  A howler monkey (D:7)
  A bullfrog zombie (D:5)
  A hound (D:6)
  A jelly (D:8)
  A gnoll shaman (D:9)
  3 orc priests
  A bullfrog skeleton (D:7)
  An orc wizard (D:9)
  2 iguanas
  4 worker ants
  2 hound zombies
  A howler monkey zombie (D:9)
  A hound skeleton (D:5)
  3 worker ant zombies
  11 gnolls
  13 adders
  A howler monkey skeleton (D:8)
  2 shadow imps (D:7)
  3 ufetubi (D:8)
  An ooze (D:2)
  An adder zombie (D:7)
  4 adder skeletons
  4 worms
  4 leopard geckos
  23 orcs
  9 giant cockroaches
  4 goblins
  7 hobgoblins
  12 jackals
  7 quokkas
  4 bats
  6 frilled lizards
  12 kobolds
  A leopard gecko zombie (D:8)
  5 rats
203 creatures vanquished.

Vanquished Creatures (others)
  2 fungi (D:4)
  10 plants
12 creatures vanquished.

Grand Total: 215 creatures vanquished

Notes
Turn   | Place    | Note
-------+----------+-------------------------------------------
     0 | D:5      | RaHiT the Octopode Delver began the quest for the Orb.
     0 | D:5      | Reached XP level 1. HP: 16/16 MP: 1/1
    36 | D:5      | Reached XP level 2. HP: 16/21 MP: 2/2
   111 | D:3      | Found a shadowy altar of Dithmenos.
   112 | D:3      | Found a faded altar of an unknown god.
   489 | D:2      | Reached XP level 3. HP: 26/26 MP: 3/3
   570 | D:2      | Found a bloodstained altar of Trog.
   675 | D:2      | Reached XP level 4. HP: 26/31 MP: 4/4
   707 | D:2      | Reached skill level 1 in Evocations
   736 | D:2      | Reached skill level 1 in Throwing
   736 | D:2      | Reached skill level 1 in Spellcasting
   821 | D:2      | Reached XP level 5. HP: 29/36 MP: 6/6
   863 | D:2      | Found a glowing golden altar of the Shining One.
  2171 | D:1      | Gained mutation: You are frail. (-10% HP) [potion of
                  | mutation]
  2171 | D:1      | Gained mutation: You have a pair of small antennae on your
                  | head. [potion of mutation]
  2171 | D:1      | Gained mutation: You are weak. (Str -2) [potion of
                  | mutation]
  2171 | D:1      | Gained mutation: You passively map a small area around you.
                  | [potion of mutation]
  3255 | D:4      | Found a runed translucent gate.
  3255 | D:4      | Found a runed translucent gate.
  3268 | D:4      | Noticed a big kobold
  3272 | D:4      | Identified the +10 whip "Emniezimp" {pain, rN+}
  3272 | D:4      | Noticed a big kobold
  3281 | D:4      | Noticed Marvel's ghost (amateur TeAE)
  3282 | D:4      | Reached XP level 6. HP: 14/38 MP: 7/7
  3345 | D:4      | Found a shimmering altar of Xom.
  3699 | D:4      | Found a runed translucent gate.
  3933 | D:4      | Killed Marvel's ghost
  3934 | D:4      | Reached XP level 7. HP: 36/43 MP: 8/8
  4256 | D:4      | Reached skill level 5 in Unarmed Combat
  4424 | D:5      | Found a radiant altar of Vehumet.
  4424 | D:5      | Found a hide-covered altar of Uskayaw.
  4425 | D:5      | Found a glowing silver altar of Zin.
  4958 | D:6      | Reached XP level 8. HP: 33/48 MP: 9/9
  5178 | D:6      | Reached skill level 5 in Fighting
  5405 | D:6      | Found an iron altar of Okawaru.
  5409 | D:6      | Reached skill level 5 in Dodging
  5987 | D:7      | Found a staircase to the Ecumenical Temple.
  5999 | Temple   | Entered the Ecumenical Temple
  6215 | Temple   | Became a worshipper of Cheibriados the Contemplative
  6425 | D:7      | Reached skill level 1 in Invocations
  6425 | D:7      | Reached XP level 9. HP: 54/54 MP: 13/13
  6796 | D:7      | Reached * piety under Cheibriados
  7140 | D:8      | You fall into a shaft and drop 3 floors!
  7162 | D:11     | Noticed a komodo dragon
  7162 | D:11     | Noticed an eight-headed hydra
  7193 | D:11     | Identified the Incunabulum of Creative Shape Shifting
  7234 | D:10     | Entered Level 10 of the Dungeon
  7408 | D:10     | Noticed a deep elf mage
  7414 | D:10     | Killed a deep elf mage
  7571 | D:9      | Noticed a troll
  7621 | D:9      | Killed a troll
  7622 | D:9      | Reached skill level 5 in Throwing
  7622 | D:9      | Reached XP level 10. HP: 43/61 MP: 13/15
  7733 | D:9      | Reached ** piety under Cheibriados
  7876 | D:8      | Found a staircase to the Lair.
  8000 | D:8      | Noticed a two-headed ogre
  8068 | D:8      | Killed a two-headed ogre
  8782 | D:9      | Reached *** piety under Cheibriados
  8783 | D:9      | Reached skill level 5 in Evocations
  9171 | D:10     | Identified a scroll of acquirement
  9172 | D:10     | Acquired a +2 hat of willpower
  9190 | D:10     | Noticed a five-headed hydra
  9261 | D:10     | Found a staircase to the Orcish Mines.
  9287 | D:10     | Slain by an orc warrior

Illustrated notes

Levels and vault maps discovered:
D:1:      dpeg_arrival_connections, layout_basic
D:2:      layout_loops_corners, bloody_trog, minivault_23, tso_metal_star
D:3:      layout_loops_corners, chequers_ecumenical_altar_simple,
          nicolae_dithmenos_through_a_glass_darkly
D:4:      layout_loops_cross, gammafunk_ghost_nasty_kobolds, serial_bayou,
          serial_bayou_pond_e, serial_bayou_pond_a, serial_bayou_ford_a,
          serial_bayou_crossing, serial_bayou_pond_b, serial_bayou_pond_d,
          brannock_xom_greatest_gift
D:5:      layout_loops_ring, gammafunk_temple_overflow_claw
D:6:      layout_basic, okawaru_ov_weapons_minmay
D:7:      kb_forest_paths, layout_basic, minmay_temple_entry_wispy
D:8:      layout_gridville, david_lair_shrubbed
D:9:      layout_basic
D:10:     layout_basic, david_orc_2, uniq_harold
D:11:     minmay_the_grid_octo_triangle [minmay_the_grid_octo_odd_swirl,
          minmay_the_grid_octo_prize_big_c, minmay_the_grid_octo_focus],
          layout_cave_pools
Temple:   dpeg_five_rooms_temple

Skill      XL: |  1  2  3  4  5  6  7  8  9 10 |
---------------+-------------------------------+-----
Stealth        | 7 9 |  9.0
Dodging        | 3 4 5 6 |  6.0
Evocations     | 1 2 3 6 |  6.1
Throwing       | 1 2 4 5 6 |  6.0
Spellcasting   | 1 3 |  3.0
Unarmed Combat | 3 5 |  5.0
Fighting       | 4 5 6 |  6.0
Invocations    | 1 7 9 |  9.0

Action                   |  1- 3 |  4- 6 |  7- 9 | 10-12 || total
-------------------------+-------+-------+-------+-------++-------
Melee: Unarmed           |    43 |   135 |    10 |       ||   188
       Constrict         |    12 |    43 |    42 |    17 ||   114
       Tentacles         |     5 |    25 |    41 |    35 ||   106
       Punch             |       |     5 |     5 |     3 ||    13
       Whip              |       |       |   196 |   102 ||   298
Throw: Dart              |    31 |    41 |    78 |    25 ||   175
       Stone             |     2 |     9 |     8 |       ||    19
       Boomerang         |       |       |       |    27 ||    27
Evoke: Wand              |       |     1 |       |       ||     1
  Use: Scroll            |     1 |    14 |     5 |    11 ||    31
       Potion            |     1 |     2 |     1 |       ||     4
 Stab: Sleeping          |     5 |    21 |    21 |    11 ||    58
       Distracted        |       |       |       |     1 ||     1
Armor: Skin              |     5 |     1 |     5 |     1 ||    12
Dodge: Dodged            |    20 |    86 |   141 |    71 ||   318
